Cogmind - Beta 17.1 @@@ ROGUE MODE // 2026.09.09 @ 18:04:53 Player: MEOWRTGM Result: Destroyed by P-80 Master with Gamma Rifle Performance ------------- Evolutions (6) 3000 Regions Visited (18) 3600 Robots Destroyed (248) 1240 Value Destroyed (10252) 10252 Prototype IDs (32) 640 Alien Tech Used (2) 400 Bonus (4020) 4020 TOTAL SCORE: 23152 Bonus ------- High Alert Combat Kills 1304 Follower Combat Kills 911 Entered Garrisons 200 Acquired ECA 300 Met Zhirov 300 Met Warlord at Base 500 MAIN.C Attacked Warlord 500 Warlord Defense Kills 134 Friendly Fire -129 Cogmind --------- Core Integrity 0/1150 Matter 300/300 Energy 99/100 System Corruption 3% Temperature Cool (0) Movement Core (50) Location -3/Proximity Caves Parts ------- > --- POWER (2) -------- (None) > --- PROPULSION (5) --- (None) > --- UTILITY (9) ------ Improved Hacking Suite > --- WEAPON (3) ------- (None) > --- INVENTORY (5) ---- Light Quantum Reactor Advanced Power Amplifier Encrypted Comm Array Advanced Force Field Disruptor Cannon Peak State ------------ > --- POWER ------------ Light Antimatter Reactor Heavy Antimatter Reactor > --- PROPULSION ------- Flexi-carbon Leg Flexi-carbon Leg Flexi-carbon Leg Myomer Leg Myomer Leg > --- UTILITY ---------- Advanced Cooling System Large Storage Unit Advanced Targeting Computer Quantum Capacitor Improved Transmission Jammer Makeshift Light Armor Plating Advanced Focal Shield Advanced Force Field > --- WEAPON ----------- Heavy Phase Cannon > --- INVENTORY -------- Light Antimatter Reactor Light Antimatter Reactor Flexi-carbon Leg Flexi-carbon Leg Advanced Power Amplifier Advanced Heat Sink Improved Cooling System Energy Well Advanced Sensor Array Encrypted Comm Array Experimental Power Shielding Transdimensional Reconstructor Wave Gun HERF Cannon [Rating: 107] Favorites ----------- Power Micro Fission Core Engine Light Angular Momentum Engine Power Core Micro Fission Core Reactor Heavy Antimatter Reactor Propulsion Flexi-carbon Leg Treads Light Treads Leg Flexi-carbon Leg Wheel Armored Huge Wheel Utility Large Storage Unit Device Improved Cooling System Storage Large Storage Unit Processor Advanced Targeting Computer Hackware Hacking Suite Protection Medium Reactive Plating Weapon Flak Gun Energy Gun Heavy Laser Energy Cannon Cooled Plasma Cannon Ballistic Gun Flak Gun Ballistic Cannon Heavy Flak Cannon Launcher Heavy Rocket Launcher Build | -11 -10 -9 -9 -8 -7 -7 -6 -6 -5 -5 -5 -5 -4 -4 -4 -4 -4 -3 ------- Run | Yrd Mat Mat Min Mat Fac Sto Fac Gar Fac Upp Upp Zhi Pro Fac Upp Upp War Pro Slots Evolved 12 | . . 2 . 2 2 . 2 . 2 . . . . 2 . . . . Power 1 | . . . . . . . 1 . . . . . . . . . . . Propulsion 3 | . . . . 1 1 . . . 1 . . . . . . . . . Utility 7 | . . 1 . 1 1 . 1 . 1 . . . . 2 . . . . Weapon 1 | . . 1 . . . . . . . . . . . . . . . . Parts Attached 154 | 7 4 4 6 14 6 20 15 27 5 9 3 3 7 6 4 2 11 1 Power 22 | 1 1 1 1 1 1 1 3 6 1 1 . 1 1 . 1 . 1 . Engine 11 | 1 . 1 1 1 . . 3 4 . . . . . . . . . . Core 7 | . 1 . . . 1 1 . 2 1 1 . . . . . . . . Reactor 4 | . . . . . . . . . . . . 1 1 . 1 . 1 . Propulsion 45 | 2 . . 1 6 2 1 2 9 1 4 2 1 3 3 2 . 6 . Treads 13 | 2 . . 1 2 . . 2 1 . . . . . . . . 5 . Leg 27 | . . . . 2 . . . 8 1 4 2 1 3 3 2 . 1 . Wheel 5 | . . . . 2 2 1 . . . . . . . . . . . . Hover . | . . . . . . . . . . . . . . . . . . . Flight . | . . . . . . . . . . . . . . . . . . . Utility 52 | 2 2 . 2 3 2 9 6 8 2 4 . 1 2 3 1 1 3 1 Device 26 | 1 1 . 1 . 1 4 1 5 2 3 . . 1 3 . 1 2 . Storage 4 | 1 1 . . 1 . 1 . . . . . . . . . . . . Processor 6 | . . . 1 2 . . 2 . . . . . . . 1 . . . Hackware 2 | . . . . . . . 1 . . . . . . . . . . 1 Protection 14 | . . . . . 1 4 2 3 . 1 . 1 1 . . . 1 . Artifact . | . . . . . . . . . . . . . . . . . . . Weapon 35 | 2 1 3 2 4 1 9 4 4 1 . 1 . 1 . . 1 1 . Energy Gun 7 | . . . . . . 4 2 . . . . . 1 . . . . . Energy Cannon 6 | . . . . . . . . 2 1 . 1 . . . . 1 1 . Ballistic Gun 17 | 2 1 3 1 4 . 3 2 1 . . . . . . . . . . Ballistic Cannon 2 | . . . . . 1 . . 1 . . . . . . . . . . Launcher 3 | . . . 1 . . 2 . . . . . . . . . . . . Special Weapon . | . . . . . . . . . . . . . . . . . . . Impact Weapon . | . . . . . . . . . . . . . . . . . . . Slashing Weapon . | . . . . . . . . . . . . . . . . . . . Piercing Weapon . | . . . . . . . . . . . . . . . . . . . Special Melee Weapon . | . . . . . . . . . . . . . . . . . . . Unidentified Prototypes 8 | . . . . . . . 2 1 . . 1 3 . . . . 1 . Parts Lost 65 | . . . . 1 3 13 3 4 . 1 1 . 9 2 2 1 24 1 Power 9 | . . . . . . 2 1 . . 1 . . 1 . . . 4 . Propulsion 18 | . . . . 1 1 1 1 . . . . . 3 1 1 . 9 . Utility 22 | . . . . . 1 3 . 2 . . . . 4 1 1 . 9 1 Weapon 16 | . . . . . 1 7 1 2 . . 1 . 1 . . 1 2 . Highest Loss Streak 16 | . . . . 1 1 7 1 2 . 1 1 . 7 2 1 1 16 1 To Critical Strikes 2 | . . . . . . . . . . . . . 1 . . . 1 . Average Backups 13 | 1 6 12 14 14 10 13 14 15 13 13 14 14 11 11 14 14 12 4 Power 1 | . 1 1 1 1 1 1 1 1 1 . . . . 1 1 2 1 1 Propulsion 1 | . 1 2 2 2 1 . 1 2 2 2 2 1 . . 1 2 1 . Utility 6 | . . 2 3 2 2 5 8 8 6 7 9 9 7 5 5 6 5 2 Weapon 3 | . 3 5 8 7 4 4 3 2 2 2 2 1 . 2 4 2 1 . Tool/Special . | . . . . . . . . . . . . . . . . . . . Unused Backups 44 | . 1 . 4 15 1 2 . 9 1 2 . 2 . . 2 . 2 3 Power 2 | . . . . . 1 . . . . . . . . . . . . 1 Propulsion 9 | . . . 1 6 . . . 2 . . . . . . . . . . Utility 11 | . . . 1 1 . 1 . 2 1 1 . 1 . . 1 . 1 1 Weapon 20 | . 1 . 2 7 . 1 . 4 . 1 . 1 . . 1 . 1 1 Tool/Special 2 | . . . . 1 . . . 1 . . . . . . . . . . Average Slot Usage (%) 87 | . 99 87 96 96 82 76 79 96 95 90 88 83 78 81 83 84 79 7 Engine 4 | . 10 . 11 8 4 . 11 7 5 1 . . . . . . . . Core 3 | . 3 10 . . 2 6 . 4 5 9 11 8 4 . . . . . Reactor 1 | . . . . . . . . . . . . 1 5 10 10 10 9 . Treads 5 | . 27 22 22 12 . . . 1 . . . . . . . . 2 . Leg 14 | . . . . 6 . . . 22 28 29 29 29 24 25 25 26 22 . Wheel 2 | . . . . 6 14 14 9 . . . . . . . . . . . Device 12 | . 14 11 11 9 9 7 12 10 16 13 11 11 15 24 22 19 20 4 Storage 6 | . 14 11 11 9 7 7 6 6 5 5 5 5 5 5 5 5 4 . Processor 9 | . . . 7 17 15 9 12 13 11 11 11 11 6 5 5 10 8 . Protection 4 | . . . . . 4 7 6 8 5 5 5 5 4 5 7 6 5 . Energy Gun 1 | . . . . . . 6 6 . . . . . . . . . . . Energy Cannon 3 | . . . . . . . . 3 9 11 11 6 6 5 5 5 4 . Ballistic Gun 10 | . 27 32 32 27 18 7 9 9 1 . . . . . . . . . Ballistic Cannon 1 | . . . . . 4 5 . 3 1 . . . . . . . . . Peak Build Rating 107 | 7 11 15 24 37 47 51 65 79 93 98 99 98 97 99 102 104 107 13 Average Rating 63 | 5 8 13 18 29 45 47 56 67 90 96 97 93 82 95 100 103 98 10 On Entrance 57 | . 7 11 13 21 37 46 35 63 79 93 98 98 92 85 99 102 104 3 Avg Prop Armor Cover (%) 10 | . . . . 11 . . 8 9 . . . . . . . . 10 . Naked Turns 4 | . . . . . . . . . . . . . . . . . 3 1 Heaviest Build 143 | 12 31 35 44 41 42 119 138 143 84 84 70 75 96 74 74 87 90 1 Greatest Support 136 | 40 40 40 43 43 56 56 56 80 95 96 96 96 98 103 110 110 136 3 Greatest Overweight (x) 6 | . 1 . 1 2 . 4 4 6 . . . . 1 . . . 2 . Average Overweight (x) . | . . . . 1 . . 3 . . . . . . . . . . . Largest Inventory Capacity 25 | 8 15 15 15 15 15 25 25 25 15 15 15 15 15 15 15 15 15 5 Average Capacity 16 | 7 14 15 15 15 15 18 25 16 15 15 15 15 15 15 15 15 14 5 Most Carried 25 | 2 10 15 15 15 15 19 25 25 15 15 15 15 14 13 15 15 14 5 Average Carried 13 | 1 6 12 14 14 12 14 15 16 14 14 14 14 11 11 14 14 12 4 Final Capacity 25 | 8 15 15 15 15 15 25 25 15 15 15 15 15 15 15 15 15 5 5 Final Carried 24 | 2 10 15 15 15 11 8 24 15 15 15 14 15 12 13 15 14 5 5 Class Distribution -------------------- 26% | Scavenger-Mutant 25% | Gunner 21% | Scavenger-Tank 11% | Scavenger-Gunner 10% | Mutant Dominant Class ---------------- Mutant | -10/Materials Gunner | -9/Materials Gunner | -9/Mines Gunner | -8/Materials Gunner | -7/Factory Gunner | -7/Storage Scavenger-Tank | -6/Factory Scavenger-Tank | -6/Garrison Scavenger-Tank | -5/Factory Scavenger-Gunner | -5/Upper Caves Scavenger-Gunner | -5/Upper Caves Scavenger-Mutant | -5/Zhirov Scavenger-Mutant | -4/Proximity Caves Scavenger-Mutant | -4/Factory Scavenger-Mutant | -4/Upper Caves Scavenger-Mutant | -4/Upper Caves Scavenger-Mutant | -4/Warlord Mutant | -3/Proximity Caves Resources | -11 -10 -9 -9 -8 -7 -7 -6 -6 -5 -5 -5 -5 -4 -4 -4 -4 -4 -3 ----------- Run | Yrd Mat Mat Min Mat Fac Sto Fac Gar Fac Upp Upp Zhi Pro Fac Upp Upp War Pro Matter Collected 6697 | 330 374 62 44 1085 682 982 697 1478 110 138 79 . 206 80 120 55 145 30 Remotely . | . . . . . . . . . . . . . . . . . . . Salvage Created 10125 | 127 536 127 14 1027 725 1460 652 1598 154 892 342 . 1312 312 663 178 6 . Parts 399 | 11 26 16 4 44 39 65 21 52 5 31 10 . 32 17 21 5 . . Haulers Intercepted 7 | . . . . 2 . 5 . . . . . . . . . . . . Recyclers Shooed 7 | . 1 . . . 3 2 1 . . . . . . . . . . . Parts Field Recycled . | . . . . . . . . . . . . . . . . . . . Retrieved Matter . | . . . . . . . . . . . . . . . . . . . Parts Self-Destructed 88 | . . . . . . . . . . 20 11 . 35 . 17 5 . . Prevented 9 | . . . . . . . . . . 5 4 . . . . . . . Parts Restored . | . . . . . . . . . . . . . . . . . . . Kills | -11 -10 -9 -9 -8 -7 -7 -6 -6 -5 -5 -5 -5 -4 -4 -4 -4 -4 -3 ------- Run | Yrd Mat Mat Min Mat Fac Sto Fac Gar Fac Upp Upp Zhi Pro Fac Upp Upp War Pro Combat Hostiles Destroyed 209 | . 13 8 4 17 15 37 11 34 4 14 8 . 26 4 10 3 1 . Guns 92 | . 13 8 . 17 13 11 9 21 . . . . . . . . . . Cannons 82 | . . . . . 2 7 . 8 4 12 8 . 23 4 10 3 1 . AOE 28 | . . . 4 . . 19 . 5 . . . . . . . . . . Classes Destroyed 18 | 2 4 1 . 3 1 5 . 1 . 1 . . . . . . . . Worker 4 | . 1 . . 1 . 1 . . . . . . . 1 . . . . Builder 5 | . . 1 . 1 1 2 . . . . . . . . . . . . Tunneler 5 | 3 1 . . 1 . . . . . . . . . . . . . . Hauler 7 | . . . . 2 . 5 . . . . . . . . . . . . Recycler 5 | 1 . . . 1 2 1 . . . . . . . . . . . . Mechanic 2 | . . . . . . 2 . . . . . . . . . . . . Operator 4 | . . . . 1 . 1 1 . . . . . . 1 . . . . Watcher 7 | . 1 . . 4 . 1 . . . . . . . 1 . . . . Swarmer 49 | . 3 8 4 3 6 4 1 4 1 1 4 . 6 . 4 . . . Grunt 98 | . 10 . . 13 4 19 4 17 2 4 4 . 11 3 3 3 1 . Brawler 11 | . . . . . . 3 . 3 . 1 . . 3 . 1 . . . Duelist 6 | . . . . . . 1 . 2 . 1 . . 2 . . . . . Protector 1 | . . . . . . 1 . . . . . . . . . . . . Sentry 25 | . . . . 1 4 7 3 5 . 2 . . 2 1 . . . . Specialist 2 | . . . . . . . . 2 . . . . . . . . . . Hunter 3 | . . . . . . 1 . . . . . . 2 . . . . . Programmer 9 | . . . . . 1 1 3 1 1 . . . . . 2 . . . Thug 1 | . . . . . . . . . . 1 . . . . . . . . Butcher 3 | . . . . . . . . . . 3 . . . . . . . . Mutant 1 | . . . . . . . . . . 1 . . . . . . . . Best Kill Streak 18 | 2 5 9 4 8 5 18 3 16 1 4 4 . 10 3 4 3 1 . Combat Bots Only 16 | . 4 8 4 5 5 13 3 16 1 4 4 . 10 3 4 3 1 . Max Kills in Single Turn 6 | 1 1 2 2 2 1 6 1 3 1 1 1 . 1 2 2 1 1 . Gunslinging 1 | . . . . 1 . . . 1 . . . . . . . . . . Exploded 6 | . . . 2 . . 6 . 3 . . . . . . . . . . Melee . | . . . . . . . . . . . . . . . . . . . Uniques/NPCs Destroyed . | . . . . . . . . . . . . . . . . . . . Combat | -11 -10 -9 -9 -8 -7 -7 -6 -6 -5 -5 -5 -5 -4 -4 -4 -4 -4 -3 -------- Run | Yrd Mat Mat Min Mat Fac Sto Fac Gar Fac Upp Upp Zhi Pro Fac Upp Upp War Pro Hostile Shots Fired 1666 | . 47 27 8 47 125 391 170 231 17 66 12 . 157 16 26 16 282 28 Missed 600 | . 13 12 2 13 39 159 70 84 5 29 3 . 60 3 11 4 76 17 Hits 1066 | . 34 15 6 34 86 232 100 147 12 37 9 . 97 13 15 12 206 11 Melee 22 | . . . . . . 6 . 10 . 2 . . . . . . 4 . Projectile 1044 | . 34 15 6 34 86 226 100 137 12 35 9 . 97 13 15 12 202 11 AOE 7 | . . . . . . . . . . . . . . . . . 7 . Critical Strikes 31 | . . 1 . 1 1 5 4 6 1 2 . . 6 1 1 . 2 . Part Disruptions 6 | . . . . . . . . 6 . . . . . . . . . . Actively Blocked 1 | . . . . . . . . 1 . . . . . . . . . . Damage Taken 14418 | . 357 121 50 580 909 2303 863 1506 176 649 160 . 1592 193 275 235 4194 255 Core 2153 | . 71 . 7 60 102 267 50 248 . 53 20 . 188 41 34 . 784 228 Absorbed by Shields 933 | . . . . . . 100 219 456 . . . . . . . . 158 . Redirected to Shielding 261 | . . . . . 40 3 . 41 . . . . . . . 20 157 . Ignored by Resistances 811 | . . . . . . . 82 115 72 213 . . 239 79 . . 11 . Regen/Repaired (Parts) 517 | . 45 . . 32 . 204 37 . . . . . . . . . 199 . Core Remaining (%) 77 | 100 71 . 98 89 . 47 . 64 . . . . 73 . . . . . Volleys Fired 706 | 15 38 11 4 48 51 67 60 129 13 48 19 . 118 23 34 13 15 . Largest 3 | 2 2 3 1 3 3 3 3 3 3 1 1 . 1 1 1 1 1 . Hottest 195 | 40 43 69 33 78 93 195 155 157 110 110 110 . 100 100 100 100 90 . Shots Fired 1249 | 30 76 33 4 144 119 152 126 270 23 51 19 . 117 23 34 13 15 . Gun 771 | 30 76 33 . 144 87 92 126 178 5 . . . . . . . . . Cannon 449 | . . . . . 32 39 . 88 18 51 19 . 117 23 34 13 15 . Launcher 29 | . . . 4 . . 21 . 4 . . . . . . . . . . Special . | . . . . . . . . . . . . . . . . . . . Kinetic 742 | 30 76 33 . 144 119 81 62 187 10 . . . . . . . . . Thermal 462 | . . . . . . 44 64 79 11 45 17 . 117 23 34 13 15 . Explosive 29 | . . . 4 . . 21 . 4 . . . . . . . . . . Electromagnetic 16 | . . . . . . 6 . . 2 6 2 . . . . . . . Robot Hit Streak 22 | 5 13 4 2 12 10 21 20 22 6 10 10 . 9 10 7 16 4 . Robot Miss Streak 10 | 4 3 7 1 8 10 5 4 7 5 4 1 . 8 5 5 2 2 . Penetration Max . | . . . . . . . . . . . . . . . . . . . Secondary Targets 12 | . 1 2 . 2 4 1 . 2 . . . . . . . . . . Max Gunslinging Chain 2 | . 1 1 . 2 1 1 . 1 . . . . . . . . . . Capacitor 237 | . . . . . . . . . . 16 19 . 117 23 34 13 15 . Shots Hit Robots 907 | 15 55 18 2 105 77 110 86 196 17 35 16 . 103 20 29 12 11 . Core Hits 680 | 6 32 10 4 79 48 139 28 174 13 14 10 . 63 19 27 8 6 . Critical Kills 2 | . . . . 1 1 . . . . . . . . . . . . . Critical Parts Destroyed . | . . . . . . . . . . . . . . . . . . . Critical Strikes 13 | . . . . 1 1 3 5 2 . 1 . . . . . . . . Burn 7 | . . . . . . . 5 2 . . . . . . . . . . Destroy 2 | . . . . 1 1 . . . . . . . . . . . . . Blast 3 | . . . . . . 3 . . . . . . . . . . . . Corrupt 1 | . . . . . . . . . . 1 . . . . . . . . Melee Attacks . | . . . . . . . . . . . . . . . . . . . Impact . | . . . . . . . . . . . . . . . . . . . Slashing . | . . . . . . . . . . . . . . . . . . . Piercing . | . . . . . . . . . . . . . . . . . . . Sneak Attacks . | . . . . . . . . . . . . . . . . . . . Combat Hostiles . | . . . . . . . . . . . . . . . . . . . Follow-up Attacks . | . . . . . . . . . . . . . . . . . . . Damage Inflicted 27377 | 161 741 262 368 1802 1460 5617 1941 5296 511 1870 493 . 4036 712 1137 514 456 . Guns 10834 | 161 731 262 . 1798 1129 1746 1941 3011 55 . . . . . . . . . Cannons 12330 | . . . . . 331 743 . 1582 456 1870 493 . 4036 712 1137 514 456 . Explosions 4199 | . . . 368 . . 3128 . 703 . . . . . . . . . . Melee . | . . . . . . . . . . . . . . . . . . . Ramming 14 | . 10 . . 4 . . . . . . . . . . . . . . Kinetic 10402 | 161 731 262 . 1798 1460 1474 988 3413 115 . . . . . . . . . Thermal 12484 | . . . . . . 964 953 1180 336 1762 434 . 4036 712 1137 514 456 . Explosive 4199 | . . . 368 . . 3128 . 703 . . . . . . . . . . Electromagnetic 278 | . . . . . . 51 . . 60 108 59 . . . . . . . Impact . | . . . . . . . . . . . . . . . . . . . Slashing . | . . . . . . . . . . . . . . . . . . . Piercing . | . . . . . . . . . . . . . . . . . . . Highest Corruption 9 | . . . . . 2 9 2 7 . 3 3 3 3 . 3 3 3 2 Average Corruption 3 | . . . . . 1 2 1 4 . 3 3 3 3 . 2 3 2 2 Corruption Purged . | . . . . . . . . . . . . . . . . . . . Corruption Blocked 6 | . . . . . . . 6 . . . . . . . . . . . Effects 135 | . . . . . . 10 13 47 . 24 3 4 19 . 9 3 2 1 Message Errors 37 | . . . . . . 3 2 15 . 5 2 1 4 . 3 1 1 . Matter Fused 33 | . . . . . . 4 5 10 . 5 . . 5 . 4 . . . Heat Flow Errors 14 | . . . . . . 1 . 8 . 3 . . 1 . 1 . . . Energy Discharges 18 | . . . . . . 1 1 5 . 6 . 1 2 . . 1 . 1 Parts Rejected 1 | . . . . . . . . 1 . . . . . . . . . . Parts Fused 1 | . . . . . . . . . . . 1 . . . . . . . Data Loss (minor) 13 | . . . . . . . 1 4 . 1 . 1 4 . 1 1 . . Data Loss (major) 5 | . . . . . . . 2 . . 1 . 1 . . . . 1 . Misfires 6 | . . . . . . . . 3 . 3 . . . . . . . . Alerts 4 | . . . . . . 1 1 . . . . . 2 . . . . . Weapon Failures 3 | . . . . . . . 1 1 . . . . 1 . . . . . Overload Shots 28 | . . . . . . . . . . 28 . . . . . . . . Effects 1 | . . . . . . . . . . 1 . . . . . . . . Heat Surge 1 | . . . . . . . . . . 1 . . . . . . . . Overflow Damage 200 | . . . 22 . 11 62 . . 13 79 . . 9 . 4 . . . Projectiles 116 | . . . . . 11 . . . 13 79 . . 9 . 4 . . . Explosions 84 | . . . 22 . . 62 . . . . . . . . . . . . Melee . | . . . . . . . . . . . . . . . . . . . Knockbacks 21 | . . . . . 4 5 . 11 1 . . . . . . . . . Impact . | . . . . . . . . . . . . . . . . . . . Kinetic 21 | . . . . . 4 5 . 11 1 . . . . . . . . . Secondary . | . . . . . . . . . . . . . . . . . . . Self-Inflicted Damage 140 | . . . . . . 140 . . . . . . . . . . . . Shots 4 | . . . . . . 4 . . . . . . . . . . . . Rammed 4 | . 1 . . 1 . . . . . . . . . . . . 2 . Targets Rammed 6 | . 2 . . 2 . . . . . . . . . . . . 2 . Kicked . | . . . . . . . . . . . . . . . . . . . Crushed 2 | . 1 . . 1 . . . . . . . . . . . . . . Highest Temperature 332 | . 12 24 . 89 121 306 168 332 32 226 132 . 327 189 167 274 95 . Average Temperature 62 | . 5 10 . 26 41 69 45 72 20 54 55 . 93 75 61 141 50 . Received Heat Transfer 3240 | . 120 . . 306 165 550 246 470 9 198 66 . 255 88 39 75 644 9 Effects 2 | . . . . . . . . . . . . . 2 . . . . . Interference 2 | . . . . . . . . . . . . . 2 . . . . . Siege Activations . | . . . . . . . . . . . . . . . . . . . Martial Activations . | . . . . . . . . . . . . . . . . . . . Shielding Activations . | . . . . . . . . . . . . . . . . . . . Robots Disrupted 1 | . . . . . . . . . 1 . . . . . . . . . Combat Hostiles 1 | . . . . . . . . . 1 . . . . . . . . . Robots Corrupted 1 | . . . . . . . . . . 1 . . . . . . . . Combat Hostiles 1 | . . . . . . . . . . 1 . . . . . . . . Parts Fried 2 | . . . . . . . . . . 1 . . 1 . . . . . Impact Corruptions . | . . . . . . . . . . . . . . . . . . . Robots Melted 6 | . . . . . . . 2 . . 1 . . 3 . . . . . Combat Hostiles 6 | . . . . . . . 2 . . 1 . . 3 . . . . . Parts Melted 29 | . . . . . . 1 7 3 . 3 3 . 9 . 3 . . . Heat Transferred 17764 | . . . . . . 2149 2099 2055 500 2310 675 . 4800 850 1300 599 427 . Parts Sabotaged 7 | . . . . . . . . 7 . . . . . . . . . . Parts Stolen . | . . . . . . . . . . . . . . . . . . . Parts Stripped . | . . . . . . . . . . . . . . . . . . . Power Chain Reactions . | . . . . . . . . . . . . . . . . . . . Alert | -11 -10 -9 -9 -8 -7 -7 -6 -6 -5 -5 -5 -5 -4 -4 -4 -4 -4 -3 ------- Run | Yrd Mat Mat Min Mat Fac Sto Fac Gar Fac Upp Upp Zhi Pro Fac Upp Upp War Pro Maximum Alert Level 5 | . . 1 . 1 1 3 2 5 4 . . . . 1 . . . . Low Security (%) 35 | 100 100 91 100 48 92 21 . . . . . . . 8 . . . . Level 1 20 | . . 8 . 51 7 41 51 3 . . . . . 91 . . . . Level 2 12 | . . . . . . 28 48 8 . . . . . . . . . . Level 3 13 | . . . . . . 8 . 39 17 . . . . . . . . . Level 4 16 | . . . . . . . . 42 82 . . . . . . . . . Level 5 1 | . . . . . . . . 5 . . . . . . . . . . High Security . | . . . . . . . . . . . . . . . . . . . Max Security . | . . . . . . . . . . . . . . . . . . . Peak Influence 1813 | 10 129 240 132 268 205 998 513 1813 1563 . . . . 291 . . . . Initial 951 | . . 44 89 . 75 63 422 310 951 . . . . 81 . . . . Average 497 | 1 42 53 27 181 121 391 392 1046 1285 . . . . 253 . . . . Influence Increases 8197 | 20 362 302 123 531 451 1533 533 1623 858 331 181 . 659 335 260 60 35 . Destroy 0b10 Robot/C 4560 | . 260 160 80 340 300 720 220 720 460 220 160 . 560 80 200 60 20 . Destroy 0b10 Robot/NC 240 | 20 15 5 . 55 15 75 5 10 10 . . . . 15 15 . . . Destroy Leader 712 | . 52 20 10 62 70 172 80 30 84 10 20 . 50 22 30 . . . Allied During Kill 314 | . . . . . . . . 37 246 11 1 . 19 . . . . . Successful Hack 196 | . 20 42 . 9 . 64 13 30 . . . . . 18 . . . . Disable Machine 225 | . . . 15 . 15 120 15 30 30 . . . . . . . . . Anti-Garrison Action 1200 | . . . . . . 200 200 600 . . . . . 200 . . . . Destroy Structure 330 | . . . 18 5 6 152 . 121 28 . . . . . . . . . Lose Combat Pursuer 420 | . 15 75 . 60 45 30 . 45 . 90 . . 30 . 15 . 15 . Influence Decreases 8197 | 20 257 177 353 364 478 743 1020 253 1108 1139 384 552 528 190 473 63 95 . Entered New Map 3375 | . . 61 141 . 92 77 508 133 862 579 144 552 . 50 103 13 60 . Time Decay 3868 | 20 257 116 212 354 206 386 482 . 206 510 190 . 398 120 350 40 21 . Lost Part 414 | . . . . 10 30 130 30 40 . 10 10 . 90 20 20 10 14 . Lost Ally 240 | . . . . . . . . 80 40 40 40 . 40 . . . . . Purge Threat 300 | . . . . . 150 150 . . . . . . . . . . . . Squads Dispatched 27 | . 2 1 . 1 5 8 5 . 3 . . . 1 1 . . . . Investigation 8 | . 2 1 . . . 2 2 . . . . . . 1 . . . . Extermination 6 | . . . . . 1 2 2 . 1 . . . . . . . . . Reinforcement 5 | . . . . 1 1 1 . . 2 . . . . . . . . . Assault 4 | . . . . . . 3 . . . . . . 1 . . . . . Garrison 4 | . . . . . 3 . 1 . . . . . . . . . . . Intercept . | . . . . . . . . . . . . . . . . . . . Searches Triggered . | . . . . . . . . . . . . . . . . . . . Construction Impeded . | . . . . . . . . . . . . . . . . . . . Haulers Reinforced 2 | . . . . . . . . . 2 . . . . . . . . . Active Scanning Responses . | . . . . . . . . . . . . . . . . . . . Cargo Convoy Interrupts . | . . . . . . . . . . . . . . . . . . . Stealth | -11 -10 -9 -9 -8 -7 -7 -6 -6 -5 -5 -5 -5 -4 -4 -4 -4 -4 -3 --------- Run | Yrd Mat Mat Min Mat Fac Sto Fac Gar Fac Upp Upp Zhi Pro Fac Upp Upp War Pro Distress Signals 5 | . . . . 1 . 2 1 . . . . . . . . . 1 . Communications Jammed 255 | . . . . . . . . . 9 . . . . 10 . . 236 . Distress Signals 252 | . . . . . . . . . 6 . . . . 10 . . 236 . Times Spotted 357 | . 20 11 3 31 19 50 15 42 17 26 8 . 36 7 11 3 48 10 Peak Tracking Total 21 | . 4 4 4 5 5 13 4 11 3 8 4 . 9 2 4 3 21 10 Tactical Retreats 19 | . 1 2 . 3 2 2 . 2 . 4 . . 1 . 1 . 1 . Traps | -11 -10 -9 -9 -8 -7 -7 -6 -6 -5 -5 -5 -5 -4 -4 -4 -4 -4 -3 ------- Run | Yrd Mat Mat Min Mat Fac Sto Fac Gar Fac Upp Upp Zhi Pro Fac Upp Upp War Pro Traps Triggered 16 | . 3 1 . . . 1 1 10 . . . . . . . . . . Indirectly . | . . . . . . . . . . . . . . . . . . . Trap Hack Attempts . | . . . . . . . . . . . . . . . . . . . Triggered . | . . . . . . . . . . . . . . . . . . . Disarmed . | . . . . . . . . . . . . . . . . . . . Reprogrammed . | . . . . . . . . . . . . . . . . . . . Reused . | . . . . . . . . . . . . . . . . . . . Traps Extracted . | . . . . . . . . . . . . . . . . . . . Installed . | . . . . . . . . . . . . . . . . . . . Triggered . | . . . . . . . . . . . . . . . . . . . Machines | -11 -10 -9 -9 -8 -7 -7 -6 -6 -5 -5 -5 -5 -4 -4 -4 -4 -4 -3 ---------- Run | Yrd Mat Mat Min Mat Fac Sto Fac Gar Fac Upp Upp Zhi Pro Fac Upp Upp War Pro Machines Disabled 16 | . . . 1 . 1 8 1 2 2 1 . . . . . . . . Max in Single Turn 1 | . . . 1 . 1 1 1 1 . 1 . . . . . . . . Garrison Access 4 | . . . . . . 1 1 . 1 . . . . 1 . . . . Machines Repaired . | . . . . . . . . . . . . . . . . . . . Machines Dismantled . | . . . . . . . . . . . . . . . . . . . Machines Sabotaged . | . . . . . . . . . . . . . . . . . . . Overloaded Fab Kills . | . . . . . . . . . . . . . . . . . . . Hacking | -11 -10 -9 -9 -8 -7 -7 -6 -6 -5 -5 -5 -5 -4 -4 -4 -4 -4 -3 --------- Run | Yrd Mat Mat Min Mat Fac Sto Fac Gar Fac Upp Upp Zhi Pro Fac Upp Upp War Pro Machines Accessed 50 | . 5 3 2 6 1 10 5 3 2 1 . 8 . 4 . . . . Terminals 28 | . 4 3 1 5 1 7 1 3 . . . . . 3 . . . . Fabricators . | . . . . . . . . . . . . . . . . . . . Repair Stations 5 | . 1 . . 1 . 1 1 . 1 . . . . . . . . . Recycling Units 2 | . . . . . . 1 1 . . . . . . . . . . . Scanalyzers . | . . . . . . . . . . . . . . . . . . . Garrison Access 5 | . . . . . . 1 2 . 1 . . . . 1 . . . . Total Hacks 124 | . 16 7 3 17 4 26 10 4 2 1 . 27 . 7 . . . . Successful 79 | . 9 4 1 10 2 13 6 2 1 1 . 27 . 3 . . . . Failed 44 | . 6 3 2 7 2 13 4 2 1 . . . . 4 . . . . Catastrophic 12 | . 1 . . . 2 3 2 1 . . . . . 3 . . . . Database Lockouts 1 | . 1 . . . . . . . . . . . . . . . . . Manual 45 | . 11 2 2 11 3 11 2 . . . . . . 3 . . . . Terminals 70 | . 14 7 2 14 4 20 1 4 . . . . . 4 . . . . Fabricators . | . . . . . . . . . . . . . . . . . . . Repair Stations 14 | . 2 . . 3 . 3 5 . 1 . . . . . . . . . Recycling Units 2 | . . . . . . 1 1 . . . . . . . . . . . Scanalyzers . | . . . . . . . . . . . . . . . . . . . Garrison Access 9 | . . . . . . 2 3 . 1 . . . . 3 . . . . Terminal Hacks 51 | . 3 3 1 4 1 7 . 2 . 1 . 27 . 2 . . . . Record 19 | . . . . . . . . . . . . 19 . . . . . . Part Schematic 5 | . 1 . . . . . . . . . . 4 . . . . . . Robot Analysis 2 | . . . . 1 . 1 . . . . . . . . . . . . Prototype ID Bank 10 | . 1 1 . . . 3 . . . . . 4 . 1 . . . . Open Door 2 | . . . 1 . . . . . . 1 . . . . . . . . Level Access Points 1 | . . . . . . . . . . . . . . 1 . . . . Branch Access Points 2 | . . 1 . 1 . . . . . . . . . . . . . . Emergency Access Points 1 | . . . . . . . . 1 . . . . . . . . . . Alert Level 1 | . . . . 1 . . . . . . . . . . . . . . Unreport Threat 2 | . . . . . 1 1 . . . . . . . . . . . . Locate Traps 1 | . . . . 1 . . . . . . . . . . . . . . Recall Investigation 1 | . . 1 . . . . . . . . . . . . . . . . Zone Layout 3 | . 1 . . . . 2 . . . . . . . . . . . . Security Stations 1 | . . . . . . . . 1 . . . . . . . . . . Fabricator Hacks . | . . . . . . . . . . . . . . . . . . . Repair Station Hacks 10 | . 2 . . 2 . 2 4 . . . . . . . . . . . Scan Component 5 | . 1 . . 1 . 1 2 . . . . . . . . . . . Repair 4 | . 1 . . 1 . 1 1 . . . . . . . . . . . Refit 1 | . . . . . . . 1 . . . . . . . . . . . Recycling Unit Hacks . | . . . . . . . . . . . . . . . . . . . Scanalyzer . | . . . . . . . . . . . . . . . . . . . Garrison Access Hacks 2 | . . . . . . . 1 . 1 . . . . . . . . . Unlock Access 1 | . . . . . . . 1 . . . . . . . . . . . Seal Access 1 | . . . . . . . . . 1 . . . . . . . . . Unauthorized Hacks 16 | . 4 1 . 4 1 4 1 . . . . . . 1 . . . . Terminals 13 | . 4 1 . 4 1 3 . . . . . . . . . . . . Botnet 13 | . 4 1 . 4 1 3 . . . . . . . . . . . . Fabricators . | . . . . . . . . . . . . . . . . . . . Repair Stations . | . . . . . . . . . . . . . . . . . . . Recycling Units . | . . . . . . . . . . . . . . . . . . . Scanalyzers . | . . . . . . . . . . . . . . . . . . . Garrison Access 3 | . . . . . . 1 1 . . . . . . 1 . . . . Jam 3 | . . . . . . 1 1 . . . . . . 1 . . . . Data Cores Recovered 2 | . . . . . . . 1 . . . . . . 1 . . . . Used 1 | . . . . . . . . . . . . . . 1 . . . . Hacking Detections 34 | . 4 3 1 5 1 9 4 2 1 . . . . 4 . . . . Full Trace Events 3 | . 1 . . . . 1 1 . . . . . . . . . . . Feedback Events . | . . . . . . . . . . . . . . . . . . . Feedback Blocked . | . . . . . . . . . . . . . . . . . . . Robot Schematics Acquired . | . . . . . . . . . . . . . . . . . . . Robots Built . | . . . . . . . . . . . . . . . . . . . Authchips . | . . . . . . . . . . . . . . . . . . . Time . | . . . . . . . . . . . . . . . . . . . Total Robot Build Rating . | . . . . . . . . . . . . . . . . . . . Part Schematics Acquired 5 | . 1 . . . . . . . . . . 4 . . . . . . Parts Built . | . . . . . . . . . . . . . . . . . . . Authchips . | . . . . . . . . . . . . . . . . . . . Time . | . . . . . . . . . . . . . . . . . . . Total Part Build Rating . | . . . . . . . . . . . . . . . . . . . Part Studies Acquired . | . . . . . . . . . . . . . . . . . . . Parts Repaired 4 | . 1 . . 1 . 1 1 . . . . . . . . . . . Time 169 | . 26 . . 38 . 44 61 . . . . . . . . . . . Parts Recycled . | . . . . . . . . . . . . . . . . . . . Recycled Matter . | . . . . . . . . . . . . . . . . . . . Retrieved Matter . | . . . . . . . . . . . . . . . . . . . Retrieved Components . | . . . . . . . . . . . . . . . . . . . Parts Scanalyzed . | . . . . . . . . . . . . . . . . . . . Part Schematics Acquired . | . . . . . . . . . . . . . . . . . . . Parts Damaged . | . . . . . . . . . . . . . . . . . . . Bothacking | -11 -10 -9 -9 -8 -7 -7 -6 -6 -5 -5 -5 -5 -4 -4 -4 -4 -4 -3 ------------ Run | Yrd Mat Mat Min Mat Fac Sto Fac Gar Fac Upp Upp Zhi Pro Fac Upp Upp War Pro Used RIF Installer . | . . . . . . . . . . . . . . . . . . . Robots Hacked . | . . . . . . . . . . . . . . . . . . . Non-combat . | . . . . . . . . . . . . . . . . . . . Combat . | . . . . . . . . . . . . . . . . . . . Robot Hacks Applied . | . . . . . . . . . . . . . . . . . . . Relay Couplers Released . | . . . . . . . . . . . . . . . . . . . Fabnet Peak Effective % . | . . . . . . . . . . . . . . . . . . . Robots Rewired 13 | . . . . . . . . 9 . 2 . . 2 . . . . . Allies Hacked . | . . . . . . . . . . . . . . . . . . . Hacks Repelled . | . . . . . . . . . . . . . . . . . . . Allies | -11 -10 -9 -9 -8 -7 -7 -6 -6 -5 -5 -5 -5 -4 -4 -4 -4 -4 -3 -------- Run | Yrd Mat Mat Min Mat Fac Sto Fac Gar Fac Upp Upp Zhi Pro Fac Upp Upp War Pro Total Allies 15 | . . . . . . . . 11 . 2 . . 2 . . . . . Largest Group 11 | . . . . . . . . 11 5 2 2 . 2 . . . . . Highest-Rated Group 403 | . . . . . . . . 403 319 138 58 . 94 . . . . . Highest-Rated Ally 95 | . . . . . . . . 95 95 95 29 . 47 . . . . . Initial Warlord ECA Mod 3 | . . . . . . . . . 3 3 3 3 2 2 2 2 2 1 Total Orders . | . . . . . . . . . . . . . . . . . . . Ally Attacks 128 | . . . . . . . . 8 87 14 6 . 13 . . . . . Total Damage 3894 | . . . . . . . . 168 2988 344 95 . 299 . . . . . Kills 28 | . . . . . . . . 2 22 2 . . 2 . . . . . Allies Corrupted 1 | . . . . . . . . . 1 . . . . . . . . . Allies Melted 2 | . . . . . . . . . . . . . . . . . 2 . Intel | -11 -10 -9 -9 -8 -7 -7 -6 -6 -5 -5 -5 -5 -4 -4 -4 -4 -4 -3 ------- Run | Yrd Mat Mat Min Mat Fac Sto Fac Gar Fac Upp Upp Zhi Pro Fac Upp Upp War Pro Active Infowar (turns) 11829 | 25 728 308 1016 864 433 287 1128 2551 428 1384 390 209 278 222 787 94 625 72 Optics 6368 | . . . . . . . 1128 2551 428 1384 390 209 278 . . . . . Sensors 1013 | . . . . . . . . . . . . . . 156 784 1 . 72 Seismic 3661 | 25 728 308 1016 864 433 287 . . . . . . . . . . . . Jamming 2242 | . . . . . . . . . 404 110 . . . 222 787 94 625 . Robot Analysis Total 2 | . . . . 1 . 1 . . . . . . . . . . . . Derelict Logs Recovered 7 | . . . 3 . . . . . . 1 . . 1 . 2 . . . Drone Launches . | . . . . . . . . . . . . . . . . . . . Drone Recoveries . | . . . . . . . . . . . . . . . . . . . Exploration | -11 -10 -9 -9 -8 -7 -7 -6 -6 -5 -5 -5 -5 -4 -4 -4 -4 -4 -3 ------------- Run | Yrd Mat Mat Min Mat Fac Sto Fac Gar Fac Upp Upp Zhi Pro Fac Upp Upp War Pro Turns Passed 13442 | 130 728 308 1016 864 433 912 1256 2551 428 1384 390 209 944 249 787 94 663 96 Spaces Moved 8151 | 50 322 160 576 411 260 486 633 1477 323 1128 334 163 525 160 516 51 395 181 Core 189 | 3 . . . . . . . . . . . . . . . . 5 181 Treads 1252 | 47 322 160 576 108 . . . . . . . . . . . . 39 . Legs 4922 | . . . . . . . . 1371 323 1128 334 163 525 160 516 51 351 . Wheels 1788 | . . . . 303 260 486 633 106 . . . . . . . . . . Hover . | . . . . . . . . . . . . . . . . . . . Flight . | . . . . . . . . . . . . . . . . . . . Fastest Speed 50 | 50 160 160 160 95 100 100 130 112 114 108 108 108 112 120 120 120 50 50 Average Speed 126 | 153 160 160 161 130 100 108 148 132 114 108 108 109 135 120 120 120 126 50 Slowest Speed 540 | 160 240 160 240 240 100 160 160 540 114 114 108 114 190 120 120 120 330 50 Overloaded Moves . | . . . . . . . . . . . . . . . . . . . Propulsion Burnouts . | . . . . . . . . . . . . . . . . . . . Robots Hopped . | . . . . . . . . . . . . . . . . . . . Potential Cave-ins 6 | . . . . . . 1 . . . . . . . . . . 5 . Cave-ins Triggered . | . . . . . . . . . . . . . . . . . . . Teleports 1 | . . . . . . . . . . . . . . . . . 1 . Exploration Rate (%) 44 | 3 63 22 97 35 7 73 21 97 14 99 62 63 54 6 52 11 36 30 Regions Visited 18 Branch Regions 10 Pre-discovered Areas 7 | . . . . . . . . . . 1 . 3 1 . 2 . . . Known Exits Taken 7 | . . 1 1 1 . . 1 . . . . . 1 . 1 1 . . Unknown Exits Taken 10 | 1 1 . . . 1 1 . . 1 1 1 1 . 1 . . 1 . Scrap Searched 13 | . . . 1 . . . . . . 4 . . 1 . 4 . . 3 Spaces Dug 6 | . . . . . 3 . . . 1 2 . . . . . . . . Terrain Destroyed 262 | . . . 26 . 5 199 . 16 1 11 3 . . . . 1 . . Melee . | . . . . . . . . . . . . . . . . . . . Projectile 29 | . . . . . 5 8 . . 1 11 3 . . . . 1 . . AOE 233 | . . . 26 . . 191 . 16 . . . . . . . . . . Terrain Rammed . | . . . . . . . . . . . . . . . . . . . Walls Destroyed . | . . . . . . . . . . . . . . . . . . . Machines Disabled . | . . . . . . . . . . . . . . . . . . . Actions | -11 -10 -9 -9 -8 -7 -7 -6 -6 -5 -5 -5 -5 -4 -4 -4 -4 -4 -3 --------- Run | Yrd Mat Mat Min Mat Fac Sto Fac Gar Fac Upp Upp Zhi Pro Fac Upp Upp War Pro Total 10405 | 73 458 186 663 649 347 734 841 1846 368 1250 363 195 725 209 678 79 555 186 Wait 916 | . 76 1 61 128 22 130 100 56 15 38 . 12 31 13 103 11 119 . Move 8130 | 49 321 159 575 410 259 485 632 1473 322 1127 333 162 524 159 515 50 394 181 Hop . | . . . . . . . . . . . . . . . . . . . Pick Up 129 | 2 9 8 7 16 3 11 23 16 6 6 . 5 2 3 8 . 3 1 Fast Attach 70 | 7 4 . 1 9 1 7 8 11 1 1 1 5 4 1 2 . 6 1 Attach 68 | . . 1 1 1 4 12 7 12 2 3 1 . 7 4 3 1 7 2 Detach 16 | . . . . . . 1 . 5 . 2 1 1 2 1 1 . 1 1 Swap 86 | . 4 4 5 5 4 12 5 14 2 7 5 1 3 4 5 4 2 . Drop 128 | . 4 2 9 30 3 9 6 24 7 9 3 9 1 1 7 . 4 . Fire 706 | 15 38 11 4 48 51 67 60 129 13 48 19 . 118 23 34 13 15 . Melee . | . . . . . . . . . . . . . . . . . . . Ram 1 | . . . . 1 . . . . . . . . . . . . . . Kick . | . . . . . . . . . . . . . . . . . . . Crush 5 | . 2 . . 1 . . . . . . . . . . . . 2 . Escape Stasis 43 | . . . . . . . . 43 . . . . . . . . . . Rewire 107 | . . . . . . . . 63 . 9 . . 33 . . . 2 . Trap . | . . . . . . . . . . . . . . . . . . . Miscellaneous . | . . . . . . . . . . . . . . . . . . . Route ------- -11/Scrapyard -10/Materials (discovered 3 exits: *Mat x3) -9/Materials (discovered 2 exits: *Min x2) -9/Mines (discovered 2 exits: *Mat x2) -8/Materials (discovered 2 exits: *Fac x2) -7/Factory -7/Storage -6/Factory -6/Garrison (discovered 3 exits: *Fac x3) -5/Factory -5/Upper Caves -5/Upper Caves -5/Zhirov -4/Proximity Caves -4/Factory (discovered 5 exits: Res x4 / [*Upp]) -4/Upper Caves -4/Upper Caves -4/Warlord -3/Proximity Caves History --------- Turn | Location | Event 8 | -11/Scrapyard | Discovered new exit (range 15) 131 | -11/Scrapyard | Entered Materials 147 | -10/Materials | Central database locked down 313 | -10/Materials | Build established: Mutant 414 | -10/Materials | Discovered new exit (range 5) 582 | -10/Materials | Repaired Lgt. Treads 603 | -10/Materials | Discovered new exit (range 11) 822 | -10/Materials | Discovered new exit (range 16) 859 | -10/Materials | Entered another Materials area 859 | -9/Materials | Evolved 2 slots: Utility x1, Weapon x1 1014 | -9/Materials | Identified exit to Mines 1165 | -9/Materials | Destroyed 8 combat bots 1167 | -9/Materials | Entered Mines 1170 | -9/Mines | Build established: Gunner 1221 | -9/Mines | Learned 4 Materials zone layouts 1279 | -9/Mines | A weapon hastily lodged in a ceiling crevice suddenly fell to the ground 1317 | -9/Mines | Discovered new exit (range 8) 1330 | -9/Mines | Discovered new exit (range 15) 1400 | -9/Mines | Learned 2 Materials zone layouts 1403 | -9/Mines | Met a Derelict who couldn't figure out how to use a Trap Extractor 1502 | -9/Mines | Identified exit to Materials 1682 | -9/Mines | Found a hidden stash of uninstalled traps 1848 | -9/Mines | Learned Materials emergency access door positions 1895 | -9/Mines | Received a Rocket Launcher from a helpful Derelict 2183 | -9/Mines | Entered Materials 2183 | -8/Materials | Evolved 2 slots: Propulsion x1, Utility x1 2184 | -8/Materials | Identified exit to Factory 2707 | -8/Materials | Repaired Lgt. Deuterium Engine 3047 | -8/Materials | Entered Factory 3047 | -7/Factory | Evolved 2 slots: Propulsion x1, Utility x1 3111 | -7/Factory | Garrison activated, responded to threat 3365 | -7/Factory | Discovered new exit (range 5) 3480 | -7/Factory | Entered Storage 4129 | -7/Storage | Discovered new exit (range 17) 4237 | -7/Storage | Destroyed 11 combat bots 4280 | -7/Storage | First assault squad dispatched 4280 | -7/Storage | Lost 3 parts (3w) 4316 | -7/Storage | Repaired Arm. Huge Wheel 4351 | -7/Storage | Destroyed 13 combat bots 4378 | -7/Storage | Core integrity fell below 50% 4392 | -7/Storage | Entered Factory 4392 | -6/Factory | Evolved 2 slots: Power x1, Utility x1 4418 | -6/Factory | Lost 7 parts (2p1n2u2w) 4541 | -6/Factory | Build established: Mutant 4625 | -6/Factory | Repaired Broken Arm. Huge Wheel 4996 | -6/Factory | Build established: Scavenger-Tank 5034 | -6/Factory | Garrison activated, responded to threat 5639 | -6/Factory | Identified exit to Garrison 5648 | -6/Factory | Entered Garrison 5684 | -6/Garrison | Triggered checkpoint 5888 | -6/Garrison | Triggered checkpoint 5891 | -6/Garrison | Triggered checkpoint 5924 | -6/Garrison | Triggered checkpoint 6009 | -6/Garrison | Destroyed 16 combat bots 6133 | -6/Garrison | Discovered new exit (range 12) 6146 | -6/Garrison | Attempted to access garrison exit controls, blocked by remote lockdown 6170 | -6/Garrison | Triggered checkpoint 6268 | -6/Garrison | Triggered checkpoint 6282 | -6/Garrison | Build established: Scavenger-Mutant 6345 | -6/Garrison | Discovered new exit (range 12) 6398 | -6/Garrison | Triggered checkpoint 6684 | -6/Garrison | Triggered checkpoint 6733 | -6/Garrison | Triggered checkpoint 6746 | -6/Garrison | Triggered checkpoint 6847 | -6/Garrison | Triggered checkpoint 6919 | -6/Garrison | Discovered new exit (range 21) 7245 | -6/Garrison | Build established: Scavenger-Tank 7393 | -6/Garrison | Found Quantum Capacitor 7584 | -6/Garrison | Build established: Commander-Tank 7641 | -6/Garrison | Found embedded Infiltrators 7726 | -6/Garrison | Lost 6 allies 7845 | -6/Garrison | Learned Factory security intel 7983 | -6/Garrison | Build established: Scavenger-Tank 8199 | -6/Garrison | Entered Factory 8199 | -5/Factory | Accompanied by 5 allies 8199 | -5/Factory | Evolved 2 slots: Propulsion x1, Utility x1 8366 | -5/Factory | Spotted B-75 Beast 8393 | -5/Factory | Allies destroyed B-75 Beast 8618 | -5/Factory | Discovered new exit (range 3) 8627 | -5/Factory | Entered Upper Caves 8627 | -5/Upper Caves | Accompanied by 2 allies 8628 | -5/Upper Caves | Encountered a Warlord checkpoint 8633 | -5/Upper Caves | Met a Warlord Commander 8634 | -5/Upper Caves | Learned location of Warlord (-4) 8635 | -5/Upper Caves | Warlord Commander delivered Encrypted Comm Array 8635 | -5/Upper Caves | Learned location of 1 exit from Proximity Caves 8644 | -5/Upper Caves | Found Encrypted Comm Array 8895 | -5/Upper Caves | Attracted the attention of an 0b10 outpost 8986 | -5/Upper Caves | Attacked by a faux Warlord 9352 | -5/Upper Caves | Discovered new exit (range 5) 9354 | -5/Upper Caves | Attracted the attention of an 0b10 checkpoint 9407 | -5/Upper Caves | Build established: Scavenger-Gunner 10011 | -5/Upper Caves | Entered another Upper Caves area 10011 | -5/Upper Caves | Accompanied by 2 allies 10181 | -5/Upper Caves | Encountered a Warlord checkpoint 10384 | -5/Upper Caves | Discovered new exit (range 13) 10401 | -5/Upper Caves | Entered Zhirov 10401 | -5/Zhirov | Discovered new exit (range 3) 10421 | -5/Zhirov | Met Zhirov 10441 | -5/Zhirov | Learned location of Quarantine (-2) 10441 | -5/Zhirov | Learned location of Testing (-3) 10441 | -5/Zhirov | Learned location of Command (-1) 10462 | -5/Zhirov | Zhirov requested help retrieving the SGEMP Prototype 10482 | -5/Zhirov | Found Alien Artifact 10482 | -5/Zhirov | Identified Integrated Dissipator 10482 | -5/Zhirov | Installed Integrated Dissipator, increased core heat dissipation (+20) 10502 | -5/Zhirov | Found Alien Artifact 10610 | -5/Zhirov | Entered Proximity Caves 10611 | -4/Proximity Caves | Identified exit to Factory 10811 | -4/Proximity Caves | Attracted the attention of an 0b10 outpost 10911 | -4/Proximity Caves | Destroyed 10 combat bots 10935 | -4/Proximity Caves | Lost 7 parts (1p2n3u1w) 11137 | -4/Proximity Caves | Build established: Scavenger-Mutant 11272 | -4/Proximity Caves | Spotted B-86 Titan 11318 | -4/Proximity Caves | Attracted the attention of an 0b10 checkpoint 11554 | -4/Proximity Caves | Entered Factory 11554 | -4/Factory | Evolved 2 slots: Utility x2 11738 | -4/Factory | Discovered new exit (range 5) 11785 | -4/Factory | Identified exit to Research 11803 | -4/Factory | Entered Upper Caves 12468 | -4/Upper Caves | Discovered new exit (range 5) 12475 | -4/Upper Caves | Identified exit to Upper Caves 12590 | -4/Upper Caves | Entered another Upper Caves area 12679 | -4/Upper Caves | Discovered new exit (range 5) 12683 | -4/Upper Caves | Identified exit to Warlord 12684 | -4/Upper Caves | Entered Warlord 12731 | -4/Warlord | System corruption cleaned by Quarantine Array 12790 | -4/Warlord | Met Warlord 12815 | -4/Warlord | Warlord's base attacked by MAIN.C 13146 | -4/Warlord | Spotted Striker 13162 | -4/Warlord | Spotted B-90 Cyclops 13165 | -4/Warlord | Warlord forces counterattacked 13219 | -4/Warlord | Identified Transdimensional Reconstructor 13219 | -4/Warlord | Warped through subspace 13230 | -4/Warlord | Lost 8 parts (2p4n1u1w) 13249 | -4/Warlord | Lost 15 allies 13308 | -4/Warlord | Spotted Executioner 13326 | -4/Warlord | Spotted Striker 13326 | -4/Warlord | Spotted Striker 13331 | -4/Warlord | Discovered new exit (range 15) 13342 | -4/Warlord | Core integrity fell below 50% 13347 | -4/Warlord | Entered Proximity Caves 13348 | -3/Proximity Caves | Core integrity fell below 20% 13356 | -3/Proximity Caves | Lost 15 allies 13375 | -3/Proximity Caves | Lost 16 parts (2p5n8u1w) 13443 | -3/Proximity Caves | Destroyed by P-80 Master with Gamma Rifle Last Messages --------------- 13343_ Arm. Medium Treads destroyed. LOCATION=UNKNOWN GOAL=ESCAPE 13367_ Searching scrap... 13367_ Found Unknown Hackware. 13367_ Found 67 Matter. 13368_ Acquired 20 matter. 13368_ Acquired Unknown Hackware. 13368_ Identified Imp. Hacking Suite. 13369_ Acquired 10 matter. 13372_ System corrupted: Energy discharge (-13). 13412_ Searching scrap... 13412_ Found Disruptor Cannon. 13412_ Found 57 Matter. 13413_ Acquired Disruptor Cannon. 13421_ Adv. Sensor Array destroyed. 13430_ Penetrated by Slug. 13435_ Searching scrap... 13435_ Found Imp. Weapon Shielding. 13435_ Found 30 Matter. Map ----- +----------------------------------------------------+ | ?????????????????????????????????????????????????? | | ?????????????????????????????????????????????????? | | ?????????????????????????????????????????????????? | | ?????????????????????????????????????????????????? | | ?????????????????????????????????????????????????? | | ?????????????????????????????????????????????????? | | ??????????????? ####???????????????????????????? | | ?????????????? ##?????????????????????????? | | ??????????????? ##????????????????????????? | | ??????????????? #????????????????????????? | | ????????? ????? ##???????????????????????? | | ????????? ????? ##??????????????????????? | | ???????? #????# #??????????????????????? | | ???????? #??## ##?????????????????????? | | ????????? ### ??????????????????????? | | ????????# #??????????????????????? | | ??????????? #??????????????????????? | | ??????????????# ##?????????????????????? | | ???????????????# ##????????????????????? | | ????????????????# ##???????????????????? | | ???????????????## #???????????????????? | | ????????????#### #???????????????????? | | ???????????## ## ##???????????????????? | | ??????????## ### ##????????????????????? | | ?????## ### ## ##?????????????????????? | | ?????# ### @#??????????????????????? | | ?????# ! #?# #??????????????????????? | | ?????# #### %# ##?# #??????????????????????? | | ???????????# ## ###?## #??????????????????????? | | ?????#?????# ####### ## #??????????????????????? | | ?????# ????# #?## # #??????????????????????? | | ?????# ???# ## ?????????????????????? | | ???# #??# # ??????????????????????? | | # ### #????? ??????????????????????? | | ###???? ??????????????????????? | | ##?????? ??????????????????????? | | #### ##### ##??????# ??????????????????????? | | ?????????# #??????## ??????????????????????? | | ???????### #????????# ??????????????????????? | | ??????## ##????????? ??????????????????????? | | ??????# #??????????# ??????????????????????? | | ##????## ##??????????????????????????????????? | | ##?#### ##???????????????????????????????????? | | ### ## ##????????????????????????????????????? | | ##?????????????????????????????????????? | | #??????????????????????????????????????? | | #??????????????????????????????????????? | | #?????????????????????????????????????? | | #?????????????????????????????????????? | | #?????????????????????????????????????? | +----------------------------------------------------+ Best States ------------- Heat Dissipation 94 Energy Generation 41 Energy Capacity 410 Matter Stores 300 Matter Capacity 300 Sight Range 22 Robot Scan Range 16 Terrain Scan Density 10 Jamming Range 14 Armor Coverage 600 Resistance: KI 30 Resistance: TH 30 Power Shielding 90 Propulsion Shielding 33 Utility Shielding 66 Weapon Shielding 66 Evasion (%) 67 Targeting Accuracy 8 Armor Integrity Analysis 30 Recoil Reduction 5 Energy Filtering 30 Offensive Hacking 12 Trap Extractor Capacity 6 Item Schematics ----------------- Hcp. Storage Unit | -10/Materials | Hacked Assault Drone Bay | -5/Zhirov | Free Exp. Heat Sink | -5/Zhirov | Free Exp. Optical Array | -5/Zhirov | Free Imp. Arc Thrower | -5/Zhirov | Free Robot Schematics ------------------ None Fabricated ------------ Nothing Repaired ---------- Lgt. Treads | 67% | -10/Materials Lgt. Deuterium Engine | 36% | -8/Materials Arm. Huge Wheel | 18% | -7/Storage Arm. Huge Wheel | 85% | -6/Factory | Broken Studied --------- None Alien Tech Used ----------------- Integrated Dissipator Transdimensional Reconstructor Achievements -------------- I Like You, Cogmind Overkill Plot Armor Challenges ------------ None Game ------ Seed TerrabombFieldthrustStreamer Manual? 0 Play Time 02:37:54 Cumulative 90.6 hours Start 2026.09.02 @ 21:13:14 End 2026.09.09 @ 18:04:53 Sessions 3 Manual Loads 0 Difficulty Rogue Special Mode None Game No. 76 Rogue 36 Adventurer 40 Explorer 0 Win Type - Total 4 Types 2/1/0/1/0/0/0/0/0/0 Lore% 40 Gallery% 47 Achievement% 38 Wizard Run 0 Options --------- Layout 0 ASCII 0 Keyboard 0 Movement Mouse Keybinds 0 Fullscreen 0 Font 16/SmallcapsGlow Map View 88x55 Zoom Use 0% Tactical HUD 1 Map Filters NONE Filters NONE Steam 1 RUN: ba0b79d8-edc5-4943-b5b6-2e6a874f3006